 Dungeon Crawl Stone Soup version 0.30-a0-305-g026cb31310 (webtiles) character file.

Game seed: 18207897760234738321

212312 porpoise the Spry (level 18, -13/131 HPs)
             Began as a Merfolk Gladiator on Oct 22, 2022.
             Was the Champion of Hepliaklqana.
             Mangled by a naga warrior
             ... wielding a +0 halberd
              (44 damage)
             ... on level 3 of the Snake Pit.
             The game lasted 03:12:05 (35908 turns).

porpoise the Spry (Merfolk Gladiator)              Turns: 35908, Time: 03:12:07

Health: -13/131    AC: 16    Str: 14    XL:     18   Next: 92%
Magic:  30/34      EV: 20    Int: 15    God:    Hepliaklqana [******]
Gold:   1219       SH: 16    Dex: 23    Spells: 13/27 levels left

rFire   + + .      SeeInvis +    a - +3 double sword (holy)
rCold   + . .      Faith    .    f - +2 kite shield
rNeg    . . .      Spirit   .    X - +2 swamp dragon scales
rPois   +          Reflect  .    J - +1 hat {Will+}
rElec   +          Harm     .    Z - scarf {rC+ rF+}
rCorr   +          Rampage  .    V - +0 pair of gloves
Will    ++...                    p - +2 pair of boots of True Grit {rF+ Int+5}
Stlth   +++.......               h - amulet of regeneration
HPRegen 1.21/turn                m - ring "Poegis" {rElec MP+9 Dex+2 SInv}
MPRegen 0.24/turn                L - ring of Tuirchorph {rPois rCorr Slay+4}

@: lethally poisoned (-13 -> -17), wereblooded, very slightly contaminated,
constricted, studying Ice Magic, invisible
A: reduced essence, (nimble swimmer 2), mertail
}: 1/15 runes: decaying
a: Renounce Religion, Recall Ancestor, Ancestor Identity, Transference, Idealise


You were on level 3 of the Snake Pit.
You worshipped Hepliaklqana.
Hepliaklqana was exalted by your worship.
You visited 5 branches of the dungeon, and saw 29 of its levels.
You also visited: Ice Cave and Volcano.

You collected 4380 gold pieces.
You spent 3161 gold pieces at shops.

Inventory:

Hand Weapons
 a - a +3 double sword of holy wrath (weapon)
 b - a +4 vorpal demon blade
 w - a +2 rapier of flaming
Missiles
 z - 4 datura-tipped darts
 U - 6 atropa-tipped darts
 W - 17 curare-tipped darts (quivered)
Armour
 f - a +2 kite shield (worn)
 g - the +2 pair of boots "Kike" {rC+++ rCorr Str-4}
   (You found it on level 2 of the Snake Pit)

   Str:       It affects your strength (-4).
   rC:        It renders you almost immune to cold.
   rCorr:     It protects you from acid and corrosion.
 p - the +2 pair of boots of True Grit (worn) {rF+ Int+5}
   (You found it on level 2 of the Swamp)

   Int:       It affects your intelligence (+5).
   rF:        It protects you from fire.
 D - an orb of mayhem
 J - a +1 hat of willpower (worn)
 V - a +0 pair of gloves (worn)
 X - +2 swamp dragon scales (worn)
 Z - a scarf of resistance (worn)
Jewellery
 e - a ring of positive energy
 h - an amulet of regeneration (around neck)
 m - the ring "Poegis" (left hand) {rElec MP+9 Dex+2 SInv}
   (You acquired it on level 14 of the Dungeon)

   [ring of magical power]

   Dex:       It affects your dexterity (+2).
   rElec:     It insulates you from electricity.
   MP:        It affects your magic capacity (+9).
   SInv:      It lets you see invisible.
 n - the ring of Intercession {rElec rC+ rCorr}
   (You found it in an ice cave)

   [ring of protection from cold]

   rC:        It protects you from cold.
   rElec:     It insulates you from electricity.
   rCorr:     It protects you from acid and corrosion.
 L - the ring of Tuirchorph (right hand) {rPois rCorr Slay+4}
   (You bought it in a shop on level 1 of the Snake Pit)

   [ring of slaying]

   Slay:      It affects your accuracy & damage with ranged weapons and melee
   (+4).
   rPois:     It protects you from poison.
   rCorr:     It protects you from acid and corrosion.
Wands
 c - a wand of polymorph (16)
 d - a wand of mindburst (32)
 v - a wand of quicksilver (18)
 G - a wand of digging (11)
 O - a wand of flame (59)
 Q - a wand of charming (3)
 R - a wand of roots (21)
Scrolls
 q - 12 scrolls of teleportation
 x - 5 scrolls of fear
 y - 2 scrolls of magic mapping
 A - 2 scrolls of butterflies
 B - 2 scrolls of silence
 C - 4 scrolls of vulnerability
Potions
 j - a potion of brilliance
 k - 3 potions of haste
 l - 4 potions of resistance
 o - 14 potions of curing
 t - a potion of ambrosia
 K - a potion of attraction
 S - a potion of might
 Y - 3 potions of cancellation
Miscellaneous
 r - a phantom mirror
 s - a box of beasts
 u - a tin of tremorstones (inert)


   Skills:
 - Level 14.0 Fighting
 - Level 12.2(14.4) Short Blades
 + Level 12.5(14.6) Long Blades
 - Level 6.0 Throwing
 - Level 7.0 Armour
 - Level 18.0 Dodging
 - Level 7.0 Stealth
 + Level 12.0 Shields
 - Level 5.0 Spellcasting
 - Level 5.0 Hexes
 - Level 7.0 Summonings
 - Level 9.0 Transmutations
 * Level 14.8 Ice Magic
 - Level 9.0 Invocations
 - Level 7.0 Evocations


You had 13 spell levels left.
You knew the following spells:

 Your Spells              Type           Power      Damage    Failure   Level
b - Summon Ice Beast      Ice/Summ       36%        N/A       7%          4
r - Frozen Ramparts       Ice            96%        1d15      1%          3
w - Wereblood             Tmut           30%        N/A       2%          2
y - Yara's Violent Unrav  Hex/Tmut       12%        3d7       67%         5

Your spell library contained the following spells:

 Spells                   Type           Power      Damage    Failure   Level
 Beastly Appendage        Tmut           60%        N/A       1%          1
 Summon Small Mammal      Summ           96%        N/A       3%          1
 Ice Form                 Ice/Tmut       39%        N/A       4%          4
 Call Canine Familiar     Summ           24%        N/A       11%         3
 Passwall                 Tmut/Erth      14%        N/A       14%         2
 Summon Guardian Golem    Hex/Summ       21%        N/A       16%         3
 Confusing Touch          Hex            18%        N/A       24%         3
 Tukima's Dance           Hex            18%        N/A       24%         3
 Spider Form              Tmut/Pois      17%        N/A       28%         3
 Blade Hands              Tmut           15%        N/A       38%         5
 Kiss of Death            Conj/Necr      12%        2d6       52%         1
 Sandblast                Erth           6%         2d5       52%         1
 Inner Flame              Hex/Fire       11%        N/A       54%         3
 Cause Fear               Hex            9%         N/A       61%         4
 Animate Armour           Summ/Erth      28%        N/A       82%         4
 Gell's Gravitas          Tloc           3%         N/A       88%         3
 Kindle Blastsparks       Fire/Tloc/Air  6%         2d10      88%         3
 Lesser Beckoning         Tloc           6%         N/A       88%         3
 Stone Arrow              Conj/Erth      6%         3d7       88%         3
 Teleport Other           Tloc           3%         N/A       88%         3
 Fulminant Prism          Conj/Hex       5%         3d7       91%         4
 Leda's Liquefaction      Hex/Erth       5%         N/A       91%         4
 Freezing Cloud           Conj/Ice/Air   9%         6-21      92%         5
 Dispel Undead            Necr           3%         3d7       99%         4
 Iskenderun's Mystic Bla  Conj/Tloc      3%         2d3       99%         4
 Passage of Golubria      Tloc           3%         N/A       99%         4
 Summon Forest            Summ/Tloc      7%         N/A       99%         5
 Simulacrum               Ice/Necr       13%        N/A       99%         6
 Lee's Rapid Deconstruct  Erth           1%         3d4*      100%        5
 Dispersal                Tloc           1%         N/A       100%        6
 Eringya's Noxious Bog    Tmut/Pois      8%         N/A       100%        6
 Iron Shot                Conj/Erth      1%         9d1       100%        6
 Statue Form              Tmut/Erth      11%        N/A       100%        6
 Summon Hydra             Summ           12%        N/A       100%        7
 Discord                  Hex            9%         N/A       100%        8
 Polar Vortex             Ice            24%        N/A       100%        9


Dungeon Overview and Level Annotations

Branches:
Dungeon (15/15)            Temple (0/1) D:6            Lair (5/5) D:11
  Swamp (4/4) Lair:3        Snake (3/4) Lair:2        Slime (0/5) Lair:4
    Orc (2/2) D:12            Elf (0/3) Orc:2        Vaults (0/5) D:14
 Depths (0/4) D:15          IceCv (visited)         Volcano (visited)

Altars:
Fedhas
Gozag
Hepliaklqana
Makhleb
Ru
Sif Muna
Xom
Yredelemnul

Shops:
D:4 (   Orc:2 *:(*[   Snake:1 =[?

Portals:
Abyss: Snake:2

Annotations:
D:9 2 transporters, Ekaitz's ghost, novice DsNe
Lair:3 2 transporters, exclusion: ice statue, rogsnak's ghost, journeyman DrAE
Lair:5 2 transporters, RascalDebosk's ghost, journeyman DjAE
Swamp:2 1 runed translucent door, Keebowock's ghost, adept SpEn
Snake:2 2 transporters, Itub's ghost, adept GrFi


Innate Abilities, Weirdness & Mutations

Your life essence is reduced to manifest your ancestor. (-10% HP)
((You are very nimble when in or above water. (Stealth+, EV+, Speed+++)))
Your lower body shifts to a powerful aquatic tail in water.


Message History

You feel sick.
The guardian serpent coils itself and waves its upper body at you.
The naga warrior blinks!
The naga blinks!
The naga warrior blinks!
The guardian serpent blinks!
The naga warrior blocks your attack.
You feel sick.
Niki hits the guardian serpent but does no damage.
The naga warrior hits you with a +0 halberd.
* * * LOW HITPOINT WARNING * * *
You block the naga warrior's attack.
You block the guardian serpent's attack.
The guardian serpent coils itself and waves its upper body at you.
The bolt of poison hits you.
You are more poisoned.
You resist.
* * * LOW HITPOINT WARNING * * *
The bolt of poison hits the naga warrior!
The naga warrior is poisoned.
Niki hits the guardian serpent with a +0 dagger of draining!
You block the naga warrior's attack. The naga warrior misses you.
Okay, then.
You feel much better.
You feel very sick.
You block the guardian serpent's attack.
The guardian serpent hits Niki!
Niki barely misses the guardian serpent.
You block the naga warrior's attack. x2
The naga hits you with a +0 short sword.
* * * LOW HITPOINT WARNING * * *
The naga misses you.
Niki hits the guardian serpent with a +0 dagger of draining!
Niki drains the guardian serpent.
The naga warrior completely misses you. The naga warrior grabs you.
The naga warrior constricts you.
You fade into invisibility!
You feel very sick.
The naga warrior seems to regain its courage.
The guardian serpent hits Niki but does no damage.
The guardian serpent misses you.
Niki closely misses the guardian serpent.
The naga warrior hits you with a +0 halberd!!!
You die...

........... .......... ###
.......... #.#
...N.....#####.## ###
.........##.....## #.#
......ยง..##......###.####
........##.........#.....
.......SR#...........####
.......#@N...........####
.......NSN............##.
S##.....###..............
#.#### ###.......##... ..#
#......###... ... #..#..##
#.. .. #....#######.
#........####
#.).#......##


You could see the friendly Niki the hexer, 2 naga warriors, 2 guardian serpents
and 2 nagas.

Vanquished Creatures
  A tentacled monstrosity (Swamp:2)
  Frances (D:14)
  4 thorn hunters
  Kirke (D:14)
  A tengu reaver (D:15)
  2 fenstrider witches
  2 nagarajas
  A ghoul (Swamp:2)
  2 orc warlords
  Nessos (D:13)
  A red draconian (Volcano)
  2 dire elephants (Lair:5)
  3 eleionomae
  4 bunyips
  Josephine (Lair:3)
  2 fire dragons
  Erolcha (D:13)
  2 catoblepae (Lair:5)
  12 hydras
  A salamander tyrant (Snake:2)
  An ice dragon (D:15)
  2 vault guards (D:14)
  5 centaur warriors
  2 ghost crabs
  11 alligators
  An ogre mage (Volcano)
  5 boulder beetles
  2 ironbound frosthearts (IceCv)
  Erica (D:9)
  15 two-headed ogres
  6 anacondas
  A deep troll earth mage (D:15)
  4 death yaks
  2 orc high priests (Orc:2)
  A spriggan berserker (Swamp:4)
  2 naga warriors
  2 tengu warriors
  A deep elf knight (D:15)
  6 skeletal warriors
  3 naga sharpshooters
  2 fire crabs (Lair:5)
  A salamander mystic (Snake:3)
  Lodul (D:14)
  3 spriggan druids
  3 goliath frogs
  11 bog bodies
  A naga ritualist (Snake:1)
  3 orc knights (Orc:2)
  7 swamp dragons (Swamp:4)
  A lindwurm (Lair:5)
  Pikel (D:9)
  4 deep elf pyromancers
  2 mana vipers
  2 ugly things
  4 manticores
  4 cyclopes
  7 will-o-the-wisps
  5 orc sorcerers (Orc:2)
  10 salamanders
  17 elephants
  An eye of devastation (Lair:4)
  6 naga magi
  Joseph (D:7)
  27 black mambas
  2 gargoyles
  16 cane toads
  7 kobold demonologists
  Maggie (D:7)
  2 unseen horrors
  8 komodo dragons
  An unseen horror zombie (D:8)
  11 rime drakes
  A komodo dragon (shapeshifter) (D:13)
  2 ice devils (Lair:5)
  2 tengu conjurers (D:14)
  9 hornets
  A wind drake (shapeshifter) (D:15)
  6 trolls
  10 polar bears
  A wolf spider simulacrum (D:15)
  5 tyrant leeches
  Prince Ribbit (D:7)
  4 blink frogs (Lair:5)
  A dream sheep (Lair:5)
  A jumping spider (shapeshifter) (D:14)
  A vampire (D:12)
  7 wraiths
  61 yaks
  6 spriggans
  5 wyverns
  A shadow (D:11)
  7 humans (D:14)
  A hog (D:14)
  3 basilisks
  2 steam dragons (Lair:5)
  20 nagas
  20 vampire mosquitoes
  A warg (Orc:2)
  12 swamp worms
  4 acid dragons
  19 water moccasins
  A floating eye (Lair:4)
  5 swamp drakes
  31 orc warriors
  3 sky beasts
  7 black bears
  An ice beast (D:5)
  27 wolves
  17 ogres
  4 centaurs
  A lemure (D:9)
  3 phantoms
  4 kobold brigands
  A gnoll sergeant (D:5)
  14 bullfrogs
  A wyvern zombie (D:8)
  11 scorpions
  2 hexers
  4 wights
  4 killer bees (D:9)
  4 howler monkeys
  2 troll zombies (D:12)
  7 electric eels
  A crimson imp (D:6)
  3 centaur zombies (D:8)
  4 gnoll boudas
  3 hounds
  4 jellies
  17 orc priests
  22 iguanas
  26 orc wizards
  2 killer bee zombies (D:8)
  6 ogre zombies (D:12)
  A howler monkey zombie (D:8)
  14 gnolls
  11 adders
  3 shadow imps
  2 white imps
  2 ufetubi (D:4)
  A worm (D:2)
  A dart slug (D:5)
  60 orcs
  3 ball pythons
  6 endoplasms
  3 giant cockroaches
  3 goblins
  3 hobgoblins
  4 jackals (D:1)
  2 quokkas
  A bat (D:1)
  8 frilled lizards
  2 goblin skeletons (D:12)
  2 goblin zombies (D:12)
  4 hobgoblin zombies (D:12)
  12 kobolds
  4 orc skeletons (D:12)
  9 orc zombies (D:12)
  3 rats
  A briar patch (Swamp:4)
911 creatures vanquished.

Vanquished Creatures (collateral kills)
  Donald (Swamp:4)
  A nagaraja (Snake:1)
  A fenstrider witch (Swamp:4)
  3 eleionomae
  A bunyip (Swamp:1)
  A dire elephant (Lair:5)
  A shambling mangrove (Swamp:4)
  5 hydras
  An ogre mage (D:15)
  A boulder beetle (D:13)
  An anaconda (Snake:2)
  2 two-headed ogres
  A satyr (shapeshifter) (D:15)
  A tengu warrior (D:14)
  3 death yaks (IceCv)
  2 naga warriors
  An alligator (Swamp:2)
  An orc high priest (Orc:2)
  Amaemon (Lair:1)
  A skeletal warrior (D:12)
  A salamander mystic (Snake:3)
  A death drake (Swamp:2)
  A bog body (Lair:3)
  3 swamp dragons
  A lindwurm (Lair:5)
  A mana viper (Snake:1)
  A deep elf pyromancer (D:14)
  An ugly thing (D:13)
  2 will-o-the-wisps
  2 salamanders
  A torpor snail (Lair:5)
  4 naga magi
  3 black mambas
  An orange demon (Lair:1)
  An ice statue (IceCv)
  2 cane toads (Lair:5)
  3 komodo dragons
  2 trolls
  3 polar bears
  A hornet (Swamp:4)
  2 tyrant leeches (Swamp:4)
  2 spriggans
  A shadow (D:9)
  2 wraiths
  A wyvern (Lair:3)
  2 humans (D:14)
  A basilisk (D:12)
  3 yaks
  2 vampire mosquitoes
  An acid dragon (D:10)
  4 nagas
  A water moccasin (Lair:1)
  3 swamp drakes
  A black bear (Lair:3)
  4 orc warriors (Orc:2)
  An ogre (Orc:2)
  3 wolves
  A centaur (D:11)
  2 lemures (D:9)
  A kobold brigand (D:12)
  A killer bee (D:9)
  A centaur zombie (D:8)
  A hound (D:7)
  An orc priest (Orc:2)
  An iguana (Lair:5)
  3 orc wizards
  18 orcs
  3 frilled lizards (Lair:2)
  3 goblin zombies (D:12)
  3 kobolds
  An orc zombie (D:12)
139 creatures vanquished.

Vanquished Creatures (others)
  A vault guard (D:14)
  A death yak (IceCv)
  A goliath frog (Swamp:2)
  A komodo dragon (Lair:5)
  A polar bear (IceCv)
  2 bloated husks
  A hornet (Lair:5)
  18 hexers
  A bush (Lair:4)
  31 foxfires
  66 fungi
  94 plants
  2 withered plants (Swamp:2)
220 creatures vanquished.

Grand Total: 1270 creatures vanquished

Notes
Turn   | Place    | Note
-------+----------+-------------------------------------------
     0 | D:1      | porpoise the Merfolk Gladiator began the quest for the Orb.
     0 | D:1      | Reached XP level 1. HP: 16/16 MP: 1/1
    38 | D:1      | Found a faded altar of an unknown god.
   270 | D:1      | Reached XP level 2. HP: 21/23 MP: 2/2
   397 | D:1      | You fall into a shaft and drop 1 floor!
   605 | D:2      | Reached XP level 3. HP: 28/28 MP: 3/3
   696 | D:2      | Reached skill level 5 in Long Blades
   696 | D:2      | Reached XP level 4. HP: 14/35 MP: 4/4
  1415 | D:2      | Reached XP level 5. HP: 41/41 MP: 5/5
  2661 | D:4      | Found Ittegh's Antique Weapon Shoppe.
  2992 | D:4      | Reached XP level 6. HP: 48/48 MP: 6/6
  3344 | D:5      | Entered Level 5 of the Dungeon
  3344 | D:5      | Found a hazy altar of Hepliaklqana.
  3556 | D:5      | Reached skill level 5 in Fighting
  3556 | D:5      | Reached XP level 7. HP: 10/56 MP: 7/7
  3794 | D:5      | Became a worshipper of Hepliaklqana the Forgotten
  4038 | D:5      | Noticed a two-headed ogre
  4038 | D:5      | Noticed a vampire
  4066 | D:5      | Killed a two-headed ogre
  4067 | D:5      | Reached skill level 10 in Long Blades
  4067 | D:5      | Reached XP level 8. HP: 65/65 MP: 8/8
  4211 | D:5      | Reached skill level 1 in Short Blades
  4302 | D:5      | Reached skill level 1 in Invocations
  4481 | D:5      | Reached skill level 1 in Armour
  4481 | D:5      | Reached XP level 9. HP: 40/72 MP: 8/10
  4678 | D:5      | Found a sacrificial altar of Ru.
  4749 | D:5      | Found a shimmering blue altar of Sif Muna.
  5247 | D:6      | Learned a level 2 spell: Wereblood
  5256 | D:6      | Reached skill level 5 in Short Blades
  5386 | D:6      | Noticed a kobold demonologist
  5394 | D:6      | Noticed a sixfirhy
  5434 | D:6      | Killed a kobold demonologist
  5773 | D:6      | Noticed a manticore
  5796 | D:6      | Killed a manticore
  5926 | D:6      | Reached XP level 10. HP: 79/79 MP: 13/13
  6016 | D:6      | Found a burning altar of Makhleb.
  6411 | D:6      | Found a staircase to the Ecumenical Temple.
  6501 | D:7      | Reached skill level 5 in Invocations
  6687 | D:7      | Reached skill level 5 in Dodging
  6687 | D:7      | Reached skill level 1 in Evocations
  6909 | D:7      | Noticed Joseph
  6936 | D:7      | Killed Joseph
  6937 | D:7      | Reached skill level 6 in Dodging
  7120 | D:7      | Reached * piety under Hepliaklqana
  7206 | D:7      | Noticed Maggie
  7223 | D:7      | Killed Maggie
  7338 | D:7      | Reached skill level 10 in Short Blades
  7639 | D:7      | Noticed Prince Ribbit
  7646 | D:7      | Killed Prince Ribbit
  7756 | D:7      | Learned a level 5 spell: Yara's Violent Unravelling
  7932 | D:8      | Reached skill level 7 in Dodging
  7945 | D:8      | Reached XP level 11. HP: 65/75 MP: 14/14
  8675 | D:8      | Found a basalt altar of Yredelemnul.
  8867 | D:9      | Noticed Erica
  8878 | D:9      | Found a blossoming altar of Fedhas.
  8882 | D:9      | Killed Erica
  8883 | D:9      | Reached skill level 8 in Dodging
  8932 | D:9      | Noticed a two-headed ogre
  8948 | D:9      | Killed a two-headed ogre
  8949 | D:9      | Reached skill level 5 in Evocations
  9087 | D:9      | Reached ** piety under Hepliaklqana
  9088 | D:9      | Remembered your ancestor Niki as a hexer
  9287 | D:9      | Noticed Pikel
  9705 | D:9      | Found a transporter.
  9706 | D:9      | Noticed Ekaitz's ghost (novice DsNe)
  9707 | D:9      | Identified the +9 dire flail of the Nurturing Rat {drain,
                  | rN+}
  9707 | D:9      | Noticed a two-headed ogre
  9707 | D:9      | Noticed a two-headed ogre
  9709 | D:9      | Noticed a two-headed ogre
  9709 | D:9      | Noticed a two-headed ogre
  9720 | D:9      | Found a transporter.
  9745 | D:9      | Killed Pikel
  9746 | D:9      | Reached skill level 9 in Dodging
 10285 | D:10     | Entered Level 10 of the Dungeon
 10319 | D:10     | Noticed a two-headed ogre
 10331 | D:10     | Killed a two-headed ogre
 10627 | D:10     | Noticed a centaur warrior
 10639 | D:10     | Killed a centaur warrior
 10640 | D:10     | Reached XP level 12. HP: 47/82 MP: 15/15
 10983 | D:11     | Reached *** piety under Hepliaklqana
 11000 | D:11     | Noticed a tengu warrior
 11005 | D:11     | Reached skill level 5 in Throwing
 11012 | D:11     | Killed a tengu warrior
 11101 | D:11     | Noticed a two-headed ogre
 11111 | D:11     | Killed a two-headed ogre
 11276 | D:11     | Reached skill level 1 in Stealth
 11545 | D:11     | Found a staircase to the Lair.
 11969 | Lair:1   | Entered Level 1 of the Lair of Beasts
 12118 | Lair:1   | Reached **** piety under Hepliaklqana
 12291 | Lair:1   | Noticed Amaemon
 12307 | Lair:1   | Killed Amaemon
 12540 | Lair:1   | Found a dark tunnel.
 12545 | Volcano  | Entered a volcano
 12566 | Volcano  | Noticed a two-headed ogre
 12567 | Volcano  | Noticed an ogre mage
 12568 | Volcano  | Noticed a two-headed ogre
 12575 | Volcano  | Killed a two-headed ogre
 12576 | Volcano  | Reached skill level 10 in Fighting
 12578 | Volcano  | Killed a two-headed ogre
 12579 | Volcano  | Reached skill level 5 in Stealth
 12581 | Volcano  | Killed an ogre mage
 12688 | Volcano  | Noticed a two-headed ogre
 12688 | Volcano  | Noticed a red draconian
 12698 | Volcano  | Killed a two-headed ogre
 12699 | Volcano  | Reached XP level 13. HP: 48/93 MP: 16/16
 12708 | Volcano  | Killed a red draconian
 12709 | Volcano  | Reached skill level 5 in Armour
 12980 | Lair:1   | You fall into a shaft and drop 1 floor!
 12980 | Lair:2   | Found a staircase to the Snake Pit.
 13380 | D:12     | Identified the +5 ring mail of Vusell {Will+ Str+4 Slay+3
                  | Stlth-}
 13852 | D:12     | Identified the +6 trident of the Twelve Stars {vorpal,
                  | Int+4}
 13980 | D:12     | Reached skill level 10 in Dodging
 14150 | D:12     | Found a staircase to the Orcish Mines.
 14493 | Lair:2   | Reached skill level 11 in Dodging
 14600 | Lair:2   | Reached ***** piety under Hepliaklqana
 14863 | Lair:2   | Reached XP level 14. HP: 103/103 MP: 19/19
 15027 | Lair:2   | Reached skill level 12 in Dodging
 15203 | Lair:2   | Reached skill level 1 in Spellcasting
 15545 | Lair:3   | Found a transporter.
 15575 | Lair:3   | Noticed Josephine
 15587 | Lair:3   | Killed Josephine
 15707 | Lair:3   | Noticed rogsnak's ghost (journeyman DrAE)
 16164 | Lair:3   | Found a transporter.
 16359 | Lair:3   | Found a staircase to the Swamp.
 16370 | Lair:3   | Reached skill level 1 in Transmutations
 16678 | Lair:4   | Found a staircase to the Slime Pits.
 17658 | Orc:1    | Entered Level 1 of the Orcish Mines
 18196 | Orc:2    | Entered Level 2 of the Orcish Mines
 18413 | Orc:2    | Found a staircase to the Elven Halls.
 18590 | Orc:2    | Found Metihus's Gadget Gallery.
 18590 | Orc:2    | Reached ****** piety under Hepliaklqana
 18744 | Orc:2    | Reached skill level 5 in Transmutations
 18757 | Orc:2    | HP: 3/103 [orc priest/divine providence (12)]
 19179 | Orc:2    | Noticed an orc warlord
 19232 | Orc:2    | Killed an orc warlord
 19237 | Orc:2    | Reached XP level 15. HP: 75/108 MP: 21/21
 19343 | Orc:2    | Reached skill level 13 in Dodging
 19349 | Orc:2    | Found Itoniuq's Antique Armour Boutique.
 19476 | Orc:2    | Found Kuptit's Antique Weapon Boutique.
 19477 | Orc:2    | Found Dityptet's General Store.
 19477 | Orc:2    | Found Upafat's Book Shop.
 19580 | Orc:2    | Bought a scroll of teleportation for 39 gold pieces
 19580 | Orc:2    | Bought a +1 pair of boots for 149 gold pieces
 19604 | Orc:2    | Bought a glowing scale mail for 231 gold pieces
 20044 | D:13     | Reached skill level 1 in Hexes
 20074 | D:13     | Reached skill level 14 in Dodging
 20283 | D:13     | Noticed Erolcha
 20286 | D:13     | Killed Erolcha
 20856 | D:13     | Noticed Nessos
 20864 | D:13     | Killed Nessos
 21107 | D:14     | Noticed Kirke
 21118 | D:14     | Killed Kirke
 21119 | D:14     | Noticed Frances
 21140 | D:14     | Killed Frances
 21289 | D:14     | Found a shimmering altar of Xom.
 21289 | D:14     | Found a shimmering altar of Xom.
 21289 | D:14     | Found a shimmering altar of Xom.
 21289 | D:14     | Found a shimmering altar of Xom.
 21290 | D:14     | Found a shimmering altar of Xom.
 21290 | D:14     | Found a shimmering altar of Xom.
 21290 | D:14     | Found a shimmering altar of Xom.
 21464 | D:14     | Identified a scroll of acquirement
 21465 | D:14     | Acquired the ring "Poegis" {rElec MP+9 Dex+2 SInv}
 21608 | D:14     | Noticed Lodul
 21625 | D:14     | Killed Lodul
 21895 | D:14     | Reached skill level 15 in Dodging
 21968 | D:14     | Found a gate to the Vaults.
 22057 | D:14     | Reached skill level 5 in Hexes
 22059 | D:14     | Reached skill level 1 in Shields
 22426 | D:15     | Entered Level 15 of the Dungeon
 22509 | D:15     | Noticed an orc warlord
 22509 | D:15     | Noticed a tengu reaver
 22570 | D:15     | Killed a tengu reaver
 22731 | D:15     | Acquired 970 gold pieces
 22763 | D:15     | Killed an orc warlord
 22841 | D:15     | Found a staircase to the Depths.
 23022 | D:15     | Reached XP level 16. HP: 75/117 MP: 22/22
 23818 | Lair:5   | Entered Level 5 of the Lair of Beasts
 23982 | Lair:5   | Found a frozen archway.
 23989 | Lair:5   | Reached skill level 5 in Spellcasting
 24001 | IceCv    | Entered an ice cave
 24296 | IceCv    | Reached skill level 5 in Shields
 24526 | IceCv    | Identified the ring of Intercession {rElec rC+ rCorr}
 25631 | Orc:2    | Bought a book of Rime for 336 gold pieces
 25635 | Orc:2    | Learned a level 3 spell: Frozen Ramparts
 25640 | Orc:2    | Learned a level 4 spell: Summon Ice Beast
 25966 | Lair:5   | Reached skill level 1 in Ice Magic
 26207 | Lair:5   | Reached skill level 16 in Dodging
 26326 | Lair:5   | Reached skill level 5 in Ice Magic
 26451 | Lair:5   | Found a transporter.
 26522 | Lair:5   | HP: 1/119 [death yak (21)]
 26807 | Lair:5   | Found a transporter.
 26902 | Lair:5   | Noticed RascalDebosk's ghost (journeyman DjAE)
 26999 | Lair:5   | Reached XP level 17. HP: 125/125 MP: 24/24
 27554 | Swamp:1  | Entered Level 1 of the Swamp
 27600 | Swamp:1  | You fall into a shaft and drop 1 floor!
 27600 | Swamp:2  | Found an opulent altar of Gozag.
 27755 | Swamp:2  | Noticed a tentacled monstrosity
 27764 | Swamp:2  | Killed a tentacled monstrosity
 27992 | Swamp:2  | Reached skill level 10 in Ice Magic
 28219 | Swamp:2  | Found a runed translucent door.
 28221 | Swamp:2  | Noticed Keebowock's ghost (adept SpEn)
 28222 | Swamp:2  | Identified the +2 spear "Killer Bee's Curse" {elec, rF+}
 28224 | Swamp:2  | Noticed a tentacled monstrosity
 28482 | Swamp:1  | Reached skill level 17 in Dodging
 29758 | Swamp:2  | Identified the +2 pair of boots of True Grit {rF+ Int+5}
 30773 | Swamp:3  | Identified the +7 quarterstaff of Defiance {freeze, rC+
                  | Will+ rCorr}
 30913 | Swamp:3  | Reached skill level 1 in Summonings
 30993 | Swamp:4  | Entered Level 4 of the Swamp
 31170 | Swamp:4  | Noticed Donald
 31259 | Swamp:4  | Reached skill level 18 in Dodging
 31367 | Swamp:3  | Reached XP level 18. HP: 92/131 MP: 25/25
 31780 | Swamp:4  | Reached skill level 10 in Shields
 32098 | Swamp:4  | Reached skill level 5 in Summonings
 32281 | Swamp:4  | Got a decaying rune of Zot
 32438 | Swamp:4  | Killed Donald
 32861 | Snake:1  | Entered Level 1 of the Snake Pit
 33858 | Snake:1  | Found Puasifed's Magic Scroll Shop.
 33860 | Snake:1  | Found Vuziaf's Antique Armour Boutique.
 33863 | Snake:1  | Found Beimyawo's Jewellery Shop.
 33866 | Snake:1  | Bought a scroll of enchant armour for 120 gold pieces
 33866 | Snake:1  | Bought a scroll of enchant armour for 120 gold pieces
 33866 | Snake:1  | Bought a scroll of fear for 64 gold pieces
 33868 | Snake:1  | Bought an embroidered robe for 99 gold pieces
 33868 | Snake:1  | Bought an embroidered cloak for 202 gold pieces
 33885 | Snake:1  | Bought the ring of Tuirchorph {rPois rCorr Slay+4} for 1801
                  | gold pieces
 34312 | Snake:2  | Found a transporter.
 34322 | Snake:2  | Found a one-way gate to the infinite horrors of the Abyss.
 34322 | Snake:2  | Noticed Itub's ghost (adept GrFi)
 34325 | Snake:2  | Identified the +2 pair of boots "Kike" {rC+++ rCorr Str-4}
 34505 | Snake:2  | Found a transporter.
 35908 | Snake:3  | Mangled by a naga warrior

Illustrated notes

Levels and vault maps discovered:
D:1:      reono_arrival_forest_river, layout_loops_ring,
          chequers_ecumenical_altar_simple_redux
D:2:      layout_basic
D:3:      layout_loops_ring, kennysheep_cluttered_room
D:4:      layout_loops_corners, serial_shops, shop_statue
D:5:      layout_rooms, mainiacjoe_overflow_alcove_2,
          mainiacjoe_overflow_tiny_flanked, mainiacjoe_overflow_chevrons,
          minmay_divided_ellipse
D:6:      cheibrodos_fzero, layout_loops_ring, makhleb_grotto_becter,
          temple_hall, serial_bayou_ford_a
D:7:      layout_loops_ring, minmay_checkerbox, uniq_prince_ribbit1,
          uniq_maggie, uniq_joseph
D:8:      layout_basic, nicolae_yredelemnul_corpse_copse
D:9:      layout_layer_cave, mainiacjoe_overflow_paths, gammafunk_ghost_smash,
          uniq_pikel, uniq_erica
D:10:     layout_cave_pools, serial_glass, glass_columns_a, glass_columns_a,
          nicolae_sextant
D:11:     minmay_skewed_foursquare, layout_irregular_city,
          due_lair_maze_entry_diamond
D:12:     layout_basic, zombieorc2_lemuel
D:13:     layout_gridville, small_statue_intersection, st_stairs_2,
          grunt_ministairs_4, fungi_pond_lemuel, uniq_erolcha, uniq_nessos
D:14:     layout_stronghold, ximxim_vaults_locker_room, minivault_27,
          xom_shifter_show, uniq_kirke, uniq_lodul, uniq_frances
D:15:     grunt_enter_depths_hoard, layout_loops_corners,
          nicolae_figureground_sparkle, dispersion_dpeg
Lair:1:   layout_regular_city, enter_volcano_4, beast_lair_carwin_11,
          uniq_amaemon
Lair:2:   lemuel_reptile_caves, layout_regular_city,
          minmay_snake_entry_six_corridors, serial_bayou_pond_a,
          dreamdust_deal_with_the_devil, serial_bayou_shore_a,
          serial_bayou_shore_b
Lair:3:   layout_cave_pods, nicolae_swamp_entry_splash_gauntlet,
          nzn_ghost_randoct, grunt_forest_small_clearings,
          grunt_forest_stairs_clearing, uniq_josephine
Lair:4:   layout_loops_ring, minmay_slime_entry_eyes, patterned_corridor
Lair:5:   hangedman_lair_in_review, layout_regular_city,
          guppyfry_lair_end_dragon, portal_ice_cave_demonic_guard,
          gammafunk_ghost_berserking_beasts, nicolae_lair_lakeside_cave
Swamp:1:  layout_basic_swamp, evilmike_swamp_ruin_house_6, swamp_pool4
Swamp:2:  nzn_winding_woodlands_three_and_one
          [nzn_winding_woodlands_5x15_pathside_ponds,
          nzn_winding_woodlands_5x15_cabin, nzn_winding_woodlands_5x15_garden,
          nzn_winding_woodlands_center_triple_pond], layout_basic_swamp,
          ebering_ghost_funeral_grove, basic_altar, infiniplex_staircase_pool_2
Swamp:3:  layout_basic_swamp, hangedman_swamp_ruin_hall, swamp_pool3,
          nzn_swamp_dancing_lights
Swamp:4:  swamp_basic_johnstein, layout_basic_swamp, infiniplex_staircase_pool,
          uniq_donald
Snake:1:  layout_basic, grunt_megastairs_3, minmay_shop_star,
          serial_bayou_shore_b
Snake:2:  layout_misc_corridors, gammafunk_ghost_abyssal_escape
Snake:3:  layout_chambers, uniq_azrael, uniq_asterion
Orc:1:    layout_caves, nicolae_orc_damp_corner, rock_pile
Orc:2:    st_orc_congregation, layout_caves, nicolae_shop_gadgets

Skill      XL: |  1  2  3  4  5  6  7  8  9 10 11 12 13 14 15 16 17 18 |
---------------+-------------------------------------------------------+-----
Long Blades    | 4 5 6 8 10 11 12 | 12.5
Fighting       | 3 4 5 6 7 10 12 13 14 | 14.0
Short Blades   | 2 7 10 12 | 12.2
Invocations    | 1 4 5 7 9 |  9.0
Armour         | 1 3 4 5 7 |  7.0
Dodging        | 7 9 11 12 15 16 18 | 18.0
Evocations     | 3 5 6 7 |  7.0
Throwing       | 4 6 |  6.0
Stealth        | 5 7 |  7.0
Spellcasting   | 3 4 5 |  5.0
Transmutations | 6 7 9 |  9.0
Hexes          | 5 |  5.0
Shields        | 3 7 9 12 | 12.0
Ice Magic      | 7 13 14 | 14.8
Summonings     | 2 7 |  7.0

Action                   |  1- 3 |  4- 6 |  7- 9 | 10-12 | 13-15 | 16-18 || total
-------------------------+-------+-------+-------+-------+-------+-------++-------
Melee: Long sword        |    90 |    91 |    84 |    59 |       |       ||   324
       Punch             |     1 |     1 |     4 |    11 |    13 |       ||    30
       Dagger            |       |    35 |   197 |   379 |    12 |     5 ||   628
       Scimitar          |       |       |       |   327 |     8 |       ||   335
       Demon blade       |       |       |       |       |  1056 |  1215 ||  2271
       Tailslap          |       |       |       |       |     9 |    89 ||    98
       Rapier            |       |       |       |       |       |   107 ||   107
       Double sword      |       |       |       |       |       |    23 ||    23
 Fire: Sling             |       |       |       |     3 |     3 |       ||     6
Throw: Throwing net      |     1 |       |     2 |       |       |       ||     3
       Dart              |       |       |     3 |    13 |    16 |     4 ||    36
       Javelin           |       |       |       |     1 |       |       ||     1
 Cast: Wereblood         |       |       |       |       |     7 |     8 ||    15
       Summon Ice Beast  |       |       |       |       |       |     7 ||     7
Invok: Ancestor Identity |       |       |       |     1 |       |       ||     1
       Recall Ancestor   |       |       |       |     1 |     2 |    13 ||    16
       Ancestor Life: He |       |       |       |     1 |       |       ||     1
       Idealise          |       |       |       |       |     1 |     2 ||     3
       Transference      |       |       |       |       |       |     1 ||     1
Evoke: Wand              |       |       |       |     1 |     6 |    14 ||    21
       Tin of tremorston |       |       |       |       |       |     9 ||     9
       Box of beasts     |       |       |       |       |       |     1 ||     1
  Use: Scroll            |       |     2 |     7 |    14 |    14 |    12 ||    49
       Potion            |       |       |     1 |     1 |    15 |    15 ||    32
 Stab: Held in net/web   |       |       |     2 |       |       |       ||     2
       Distracted        |       |       |       |    11 |    17 |    35 ||    63
       Sleeping          |       |       |       |     3 |     5 |     7 ||    15
       Confused          |       |       |       |     9 |    32 |    38 ||    79
       Paralysed         |       |       |       |       |    19 |    72 ||    91
       Invisible         |       |       |       |       |       |     8 ||     8
       Petrified         |       |       |       |       |       |     4 ||     4
Armor: Leather armour    |    30 |    12 |       |       |       |       ||    42
       Ring mail         |       |     9 |    39 |    22 |   147 |    88 ||   305
       Steam dragon scal |       |       |       |    33 |       |       ||    33
       Acid dragon scale |       |       |       |    30 |     1 |       ||    31
       Skin              |       |       |       |       |    13 |       ||    13
       Scale mail        |       |       |       |       |       |   102 ||   102
       Swamp dragon scal |       |       |       |       |       |    48 ||    48
Dodge: Dodged            |    57 |    91 |   173 |   491 |   841 |  1043 ||  2696
Block: Buckler           |       |       |       |       |     8 |   298 ||   306
       Kite shield       |       |       |       |       |       |   258 ||   258

Table legend: (Time is in decaauts)
 A = Elapsed time spent in this place.
 B = Non-inter-level travel time spent in this place.
 C = Inter-level travel time spent in this place.
 D = Time resting spent in this place.
 E = Time spent auto-exploring this place.
 F = Levels seen in this place.
 G = Mean time per level.
                   A        B        C        D        E       F      G
               +--------+--------+--------+--------+--------+-----+--------+
         Total |  34080 |  31045 |   3035 |   7484 |  15244 |  31 | 1099.4 |
       Dungeon |  16332 |  15405 |    927 |   3608 |   8378 |  15 | 1088.8 |
          Lair |   7468 |   6152 |   1316 |    906 |   3133 |   5 | 1493.6 |
         Swamp |   4137 |   3852 |    285 |   1745 |   1105 |   4 | 1034.2 |
     Snake Pit |   2805 |   2653 |    152 |    541 |   1510 |   3 |  935.0 |
  Orcish Mines |   2203 |   1850 |    353 |    433 |    725 |   2 | 1101.5 |
      Ice Cave |    760 |    760 |      0 |    121 |    281 |   1 |  760.0 |
       Volcano |    371 |    371 |      0 |    129 |    110 |   1 |  371.0 |
               +--------+--------+--------+--------+--------+-----+--------+

Top non-repeatable levels by time:
  Lair:1: 2035 daAuts
  Lair:5: 1971 daAuts
 Swamp:2: 1597 daAuts
   Orc:2: 1558 daAuts
     D:6: 1393 daAuts
     D:2: 1384 daAuts
     D:9: 1367 daAuts
    D:13: 1366 daAuts
     D:5: 1275 daAuts
    D:11: 1271 daAuts
     D:4: 1250 daAuts
  Lair:3: 1232 daAuts
  Lair:2: 1230 daAuts
     D:7: 1196 daAuts
 Snake:1: 1195 daAuts
